 Dungeon Crawl Stone Soup version 0.30-a0-283-gf371ce1921 (webtiles) character file.

Game seed: 6493106827727894731

3850 Devinter the Skirmisher (level 9, 0/74 HPs)
             Began as a Red Draconian Hunter on Oct 17, 2022.
             Was a High Priest of Okawaru.
             Succumbed to Amaemon's poison
             ... on level 8 of the Dungeon.
             The game lasted 00:36:09 (6798 turns).

Devinter the Skirmisher (Red Draconian Hunter)      Turns: 6798, Time: 00:36:10

Health: 0/74       AC:  9    Str: 13    XL:     9   Next: 98%
Magic:  9/16       EV: 30    Int: 15    God:    Okawaru [*****.]
Gold:   344        SH:  0    Dex: 20    Spells: 9/18 levels left

rFire   + . .      SeeInvis .    D - +0 arbalest
rCold   . . .      Faith    .    (shield currently unavailable)
rNeg    . . .      Spirit   .    (body armour unavailable)
rPois   .          Reflect  .    (helmet restricted)
rElec   +          Harm     .    (no cloak)
rCorr   +          Rampage  .    (no gloves)
Will    .....                    H - +1 pair of boots
Stlth   ++........               z - amulet "Qopof" {Acrobat rElec}
HPRegen 0.32/turn                n - ring of resist corrosion
MPRegen 0.15/turn                v - +6 ring of dexterity

@: lethally poisoned (0 -> -6), acrobatic
A: breathe fire, AC +7, unfitting armour, fire resistance 1, cold-blooded
a: Breathe Fire, Renounce Religion, Heroism, Finesse, Duel


You were on level 8 of the Dungeon.
You worshipped Okawaru.
Okawaru was extremely pleased with you.
You visited 2 branches of the dungeon, and saw 9 of its levels.

You collected 344 gold pieces.

Inventory:

Hand Weapons
 a - a +0 shortbow
 x - a +0 spear
 D - a +0 arbalest (weapon)
 F - a +0 whip of freezing
 K - the +6 war axe of Gozag, Shimmering {vorpal, Str+6 Int+3}
   (You found it on level 6 of the Dungeon)

   It inflicts extra damage upon your enemies.
   Str:       It affects your strength (+6).
   Int:       It affects your intelligence (+3).
Missiles
 p - 2 throwing nets
 w - 3 poisoned darts
 J - 2 javelins
 M - a curare-tipped dart
Armour
 H - a +1 pair of boots (worn)
Jewellery
 g - a ring of flight
 n - a ring of resist corrosion (left hand)
 v - a +6 ring of dexterity (right hand)
 z - the amulet "Qopof" (around neck) {Acrobat rElec}
   (You found it on level 5 of the Dungeon)

   [amulet of the acrobat]

   It increases your evasion while moving and waiting.
   rElec:     It insulates you from electricity.
Wands
 l - a wand of mindburst (15)
 L - a wand of acid (2)
Scrolls
 b - 2 scrolls of immolation
 c - 3 scrolls of amnesia {unknown}
 d - a scroll of noise {unknown}
 e - 7 scrolls of identify {unknown}
 i - 5 scrolls of teleportation {unknown}
 j - 3 scrolls of fog {unknown}
 k - a scroll of enchant weapon {unknown}
 q - a scroll of torment {unknown}
 t - 2 scrolls of fear {unknown}
 u - 4 scrolls of poison {unknown}
 y - a scroll of enchant armour {unknown}
 I - a scroll of magic mapping {unknown}
Potions
 f - 2 potions of berserk rage {unknown}
 h - 2 potions of heal wounds
 m - 4 potions of curing
 o - a potion of cancellation {unknown}
 r - a potion of brilliance {unknown}
 s - 2 potions of haste {unknown}
 A - a potion of lignification {unknown}
 B - 2 potions of invisibility
 C - 2 potions of might {unknown}
 E - 2 potions of magic {unknown}
 G - a potion of mutation {unknown}


   Skills:
 - Level 5.0 Fighting
 + Level 9.7 Ranged Weapons
 - Level 5.0 Dodging
 - Level 1.0 Stealth
 - Level 5.0 Spellcasting
 - Level 2.0 Ice Magic
 - Level 2.0 Air Magic
 - Level 5.0 Invocations


You had 9 spell levels left.
You knew the following spells:

 Your Spells              Type           Power      Damage    Failure   Level
a - Swiftness             Air            9%         N/A       22%         3
b - Ensorcelled Hibernat  Hex/Ice        12%        N/A       16%         2
c - Freeze                Ice            36%        1d5       7%          1
d - Frozen Ramparts       Ice            18%        1d3       22%         3

Your spell library contained the following spells:

 Spells                   Type           Power      Damage    Failure   Level
 Passwall                 Tmut/Erth      2%         N/A       24%         2
 Hailstorm                Conj/Ice       6%         3d4       32%         3
 Summon Small Mammal      Summ           Unusable   N/A       N/A         1
 Call Canine Familiar     Summ           Unusable   N/A       N/A         3
 Summon Guardian Golem    Hex/Summ       Unusable   N/A       N/A         3

Dungeon Overview and Level Annotations

Branches:
Dungeon (8/15)             Temple (1/1) D:4
   Lair: D:8-11

Altars:
Ashenzari
Cheibriados
Dithmenos
Elyvilon
Fedhas
Gozag
Hepliaklqana
Kikubaaqudgha
Makhleb
Nemelex Xobeh
Okawaru
Qazlal
Ru
Sif Muna
Trog
Uskayaw
Vehumet
Wu Jian
Xom
Yredelemnul
Zin
The Shining One

Annotations:
D:7 2 transporters, Tyrantos's ghost, novice DsFi
D:8 Amaemon


Innate Abilities, Weirdness & Mutations

You can breathe blasts of fire.
Your fiery red scales are hard. (AC +7)
You cannot fit into any form of body armour.
Your flesh is heat resistant. (rF+)
You are cold-blooded and may be slowed by cold attacks.


Message History

You shoot a bolt. The bolt closely misses Amaemon.
The bolt hits the orange demon!
You kill the orange demon!
Okawaru is honoured by your kill.
You can now enter into single combat with a foe.
Okawaru will now gift you equipment as you gain piety.
You start to feel a little faster.
You feel very sick.
The wall freezes Amaemon but does no damage.
Amaemon zaps a wand.
Your will is overpowered!
You are confused.
The wall freezes the scorpion but does no damage.
The scorpion misses you.
The wall freezes Amaemon but does no damage.
Amaemon hits you with a -1 demon whip of venom!
* * * LOW HITPOINT WARNING * * *
Amaemon claws you but does no damage. Amaemon closely misses you.
You feel better.
The wall freezes the scorpion.
The scorpion misses you.
The wall freezes Amaemon but does no damage.
Amaemon barely misses you. x2
Amaemon tail-slaps you but does no damage.
Your frozen ramparts will break if you move.
Continue?
Amaemon attacks as you move away!
Amaemon hits you with a -1 demon whip of venom.
* * * LOW HITPOINT WARNING * * *
You are lethally poisoned!
Amaemon claws you but does no damage. Amaemon closely misses you.
The frozen ramparts melt away as you move.
* * * LOW HITPOINT WARNING * * *
You feel very sick. The scorpion completely misses you. x2
You no longer feel sluggish.
* * * LOW HITPOINT WARNING * * *
You feel very sick.
Amaemon mumbles some strange words.
The scorpion misses you. Amaemon attacks as you move away! Amaemon misses you.
Amaemon completely misses you. Amaemon tail-slaps you.
* * * LOW HITPOINT WARNING * * *
You die...

#....# #....# #....#
#....# #....# #....#
#....# #...@# #ss..#
#s6..# #.## #.####
.... #s# #... #.# ..#
##.# ###..+ #..#
##....###.
######†#####.........


You could see Amaemon and 4 scorpions.

Vanquished Creatures
  Pikel (D:5)
  A cyclops (D:7)
  An orange demon (D:8)
  A steam dragon (D:6)
  Edmund (D:4)
  Duvessa (D:5)
  A sky beast (D:6)
  An ice beast (D:6)
  An orc warrior (D:7)
  2 black bears
  2 lemures (D:5)
  2 centaurs (D:7)
  A kobold brigand (D:7)
  3 necrophages
  4 bullfrogs
  7 scorpions
  Dowan (D:5)
  5 hounds
  An orc priest (D:7)
  A gnoll bouda (D:5)
  3 jellies
  4 iguanas
  2 orc wizards
  12 gnolls
  6 adders
  4 white imps
  2 worms
  5 dart slugs
  14 orcs
  5 ball pythons
  8 endoplasms
  3 giant cockroaches
  7 goblins
  7 hobgoblins
  10 jackals
  6 kobolds
  2 quokkas
  6 bats
  A frilled lizard (D:3)
  4 rats (D:1)
149 creatures vanquished.

Notes
Turn   | Place    | Note
-------+----------+-------------------------------------------
     0 | D:1      | Devinter the Draconian Hunter began the quest for the Orb.
     0 | D:1      | Reached XP level 1. HP: 17/17 MP: 1/1
    55 | D:1      | Reached skill level 1 in Stealth
   126 | D:1      | Reached skill level 2 in Dodging
   129 | D:1      | Reached XP level 2. HP: 25/25 MP: 2/2
   383 | D:1      | Reached skill level 4 in Ranged Weapons
   388 | D:1      | Reached skill level 3 in Fighting
   430 | D:1      | Reached XP level 3. HP: 31/31 MP: 3/3
   907 | D:2      | Reached skill level 1 in Air Magic
  1045 | D:2      | Reached skill level 1 in Spellcasting
  1091 | D:2      | Reached XP level 4. HP: 38/38 MP: 5/5
  1568 | D:3      | HP: 2/38 [gnoll/+0 whip (5)]
  2014 | D:3      | Found a radiant altar of Vehumet.
  2014 | D:3      | Found an opulent altar of Gozag.
  2281 | D:4      | Reached XP level 5. HP: 46/46 MP: 7/7
  2318 | D:4      | Reached skill level 2 in Air Magic
  2406 | D:4      | Reached skill level 4 in Fighting
  2406 | D:4      | Reached skill level 2 in Spellcasting
  2519 | D:4      | Reached skill level 5 in Fighting
  2641 | D:4      | Found a staircase to the Ecumenical Temple.
  2650 | Temple   | Entered the Ecumenical Temple
  2727 | Temple   | Became a worshipper of Warmaster Okawaru
  2884 | D:4      | Reached XP level 6. HP: 54/56 MP: 9/9
  3025 | D:5      | Entered Level 5 of the Dungeon
  3025 | D:5      | Noticed Pikel
  3035 | D:4      | Learned a level 3 spell: Swiftness
  3038 | D:4      | Learned a level 2 spell: Ensorcelled Hibernation
  3091 | D:5      | Noticed Dowan
  3091 | D:5      | Noticed Duvessa
  3307 | D:5      | Reached skill level 5 in Ranged Weapons
  3396 | D:5      | Reached skill level 3 in Spellcasting
  3416 | D:5      | Identified the amulet "Qopof" {Acrobat rElec}
  3527 | D:5      | Your scales start taking on a fiery red colour.
  3527 | D:5      | Reached XP level 7. HP: 13/61 MP: 7/12
  3527 | D:5      | Gained mutation: Your flesh is heat resistant. (rF+) [Red
                  | Draconian growth]
  3736 | D:5      | Reached * piety under Okawaru
  3737 | D:5      | Reached skill level 4 in Spellcasting
  3877 | D:5      | Noticed Edmund
  3900 | D:5      | Reached skill level 5 in Spellcasting
  3954 | D:4      | Killed Edmund
  4010 | D:5      | Killed Duvessa
  4010 | D:5      | Reached ** piety under Okawaru
  4011 | D:5      | Reached skill level 6 in Ranged Weapons
  4011 | D:5      | Reached XP level 8. HP: 47/68 MP: 15/15
  4192 | D:5      | Learned a level 1 spell: Freeze
  4196 | D:5      | Learned a level 3 spell: Frozen Ramparts
  4226 | D:5      | Killed Dowan
  4494 | D:5      | Killed Pikel
  4494 | D:5      | Reached *** piety under Okawaru
  4495 | D:5      | Reached skill level 8 in Ranged Weapons
  4495 | D:5      | Reached skill level 2 in Ice Magic
  4495 | D:5      | Reached skill level 1 in Invocations
  4795 | D:6      | Reached skill level 2 in Invocations
  5081 | D:6      | Reached skill level 3 in Invocations
  5191 | D:6      | Reached skill level 4 in Invocations
  5191 | D:6      | Reached XP level 9. HP: 57/74 MP: 16/16
  5355 | D:6      | Identified the +6 war axe of Gozag, Shimmering {vorpal,
                  | Str+6 Int+3}
  5451 | D:6      | Reached skill level 5 in Invocations
  5476 | D:6      | Reached **** piety under Okawaru
  5797 | D:7      | Reached skill level 3 in Dodging
  5821 | D:7      | Noticed a cyclops
  5839 | D:7      | Killed a cyclops
  5840 | D:7      | Reached skill level 4 in Dodging
  6052 | D:7      | Found a transporter.
  6065 | D:7      | Noticed Tyrantos's ghost (novice DsFi)
  6158 | D:7      | HP: 7/74 [orc warrior/+0 broad axe (8)]
  6163 | D:7      | Reached skill level 9 in Ranged Weapons
  6439 | D:7      | Found a transporter.
  6482 | D:7      | Reached skill level 5 in Dodging
  6765 | D:8      | Noticed an orange demon
  6767 | D:8      | Noticed Amaemon
  6794 | D:8      | Killed an orange demon
  6794 | D:8      | Reached ***** piety under Okawaru
  6797 | D:8      | HP: 5/74 [poisoned by Amaemon]
  6798 | D:8      | HP: 2/74 [Amaemon/-1 demon whip of venom (3)]
  6798 | D:8      | Succumbed to Amaemon's poison

Illustrated notes

Levels and vault maps discovered:
D:1:      dpeg_arrival_yet_another_circle, layout_basic
D:2:      layout_loops_corners, kennysheep_donut, minmay_goblin_kobold_house
D:3:      layout_basic, chequers_temple_overflow_statue_of_worship
D:4:      layout_loops_ring
D:5:      layout_basic, minmay_checkerbox, uniq_duvessa, uniq_edmund, uniq_pikel
D:6:      layout_cave_pods, minmay_puff
D:7:      layout_loops_ring, nzn_ghost_randoct, grunt_ministairs_5,
          minmay_crossroads
D:8:      layout_rooms, serial_shops,
          nicolae_shop_temple_entry_statues_fountains, kennysheep_mini_moat,
          shop, grunt_tough_drop, uniq_amaemon
Temple:   nicolae_temple_bog_church

Skill      XL: |  1  2  3  4  5  6  7  8  9 |
---------------+----------------------------+-----
Stealth        | 1 |  1.0
Dodging        | 2 5 |  5.0
Ranged Weapons | 4 5 6 8 9 |  9.7
Fighting       | 3 5 |  5.0
Air Magic      | 1 2 |  2.0
Spellcasting   | 1 2 3 5 |  5.0
Ice Magic      | 2 |  2.0
Invocations    | 4 5 |  5.0

Action                   |  1- 3 |  4- 6 |  7- 9 || total
-------------------------+-------+-------+-------++-------
 Fire: Shortbow          |    93 |   188 |    45 ||   326
       Arbalest          |       |       |   187 ||   187
 Cast: Swiftness         |       |     1 |     4 ||     5
       Ensorcelled Hiber |       |     1 |       ||     1
       Frozen Ramparts   |       |       |     6 ||     6
Evoke: Wand              |       |       |     2 ||     2
  Use: Potion            |       |     1 |     4 ||     5
Armor: Skin              |    23 |    27 |    57 ||   107
Dodge: Dodged            |    29 |    81 |   170 ||   280

Table legend: (Time is in decaauts)
 A = Elapsed time spent in this place.
 B = Non-inter-level travel time spent in this place.
 C = Inter-level travel time spent in this place.
 D = Time resting spent in this place.
 E = Time spent auto-exploring this place.
 F = Levels seen in this place.
 G = Mean time per level.
                   A        B        C        D        E       F      G
               +--------+--------+--------+--------+--------+-----+--------+
         Total |   6997 |   6768 |    229 |   1130 |   2007 |   9 |  777.4 |
       Dungeon |   6902 |   6673 |    229 |   1130 |   2007 |   8 |  862.8 |
        Temple |     95 |     95 |      0 |      0 |      0 |   1 |   95.0 |
               +--------+--------+--------+--------+--------+-----+--------+

Top non-repeatable levels by time:
     D:5: 1474 daAuts
     D:7: 1179 daAuts
     D:2: 1037 daAuts
     D:4: 986 daAuts
     D:6: 946 daAuts
     D:3: 697 daAuts
     D:1: 541 daAuts
  Temple: 95 daAuts
     D:8: 38 daAuts
